Map: King's Cove LE

Players

Stropheum - Winner!

  • Race: Zerg Zerg
  • League: Master
  • Spawn Location: 5:00

Stasis

  • Race: Protoss Protoss
  • League: Diamond
  • Spawn Location: 11:00

VOD

Have the link to the VOD?

Description

Time

  • Played on: April 22, 2019, 5:13 p.m.
  • Length: 11:47
Show
View Real Time Build Order
Export as new Build Order

Stropheum Zerg - Winner!

Build Orders: Hatch First, Muta Ling Bane 

Get SALT Encoding   

  12  0:00  Drone  
  13  0:13  Overlord  
  13  0:18  Drone  
  14  0:31  Drone  
  15  0:46  Hatchery  
  14  0:50  Drone  
  14  0:54  Drone  
  16  0:58  Drone  
  16  1:02  Drone  
  18  1:11  Extractor  
  17  1:19  Spawning Pool  
  17  1:21  Drone  
  17  1:25  Drone  
  18  1:34  Drone  
  19  1:44  Drone  
  20  1:56  Overlord  
  20  2:06  Zergling x4, Queen x2  
  26  2:11  Drone  
  27  2:21  Metabolic Boost  
  27  2:22  Drone  
  28  2:23  Drone  
  28  2:28  Drone  
  30  2:47  Hatchery  
  29  2:52  Overlord, Drone  
  29  2:54  Drone  
  29  2:58  Drone  
  32  2:59  Drone  
  32  3:02  Drone  
  33  3:14  Queen  
  33  3:15  Overlord  
  35  3:29  Drone  
  35  3:30  Drone x5  
  41  3:36  Overlord  
  41  3:37  Overlord  
  41  3:39  Spore Crawler  
  40  3:42  Spore Crawler  
  40  3:47  Drone  
  40  3:58  Roach Warren  
  40  4:02  Drone  
  40  4:03  Drone x5  
  40  4:07  Lair  
  45  4:19  Extractor, Overlord x2  
  45  4:20  Extractor, Overlord  
  44  4:31  Drone x6  
  44  4:36  Drone x2  
  51  4:40  Roach x2  
  51  4:42  Roach  
  57  4:56  Queen x2  
  61  5:03  Zergling x14  
  68  5:10  Queen  
  70  5:18  Overlord x2  
  70  5:19  Roach x2  
  76  5:21  Roach  
  76  5:24  Roach  
  78  5:48  Drone x13  
  91  5:57  Overseer  
  91  6:08  Baneling Nest  
  91  6:09  Evolution Chamber  
  91  6:10  Overlord  
  89  6:18  Drone  
  90  6:21  Spire, Drone x5  
  90  6:22  Drone x9  
  90  6:23  Extractor  
  102  6:26  Extractor  
  101  6:38  Zerg Melee Weapons Level 1  
  101  6:47  Extractor, Drone x4  
  102  6:51  Hatchery  
  103  7:00  Overlord, Hatchery  
  103  7:01  Overlord x5  
  102  7:13  Centrifical Hooks  
  101  7:19  Drone  
  101  7:20  Drone x9  
  111  7:36  Zerg Flyer Weapons Level 1  
  111  7:41  Baneling x13  
  111  7:42  Mutalisk x5, Baneling  
  122  7:44  Zergling x8  
  122  7:48  Mutalisk  
  122  7:50  Zergling x8  
  122  7:51  Zergling x4  
  133  7:59  Mutalisk  
  133  8:00  Mutalisk  
  133  8:02  Zergling x2  
  138  8:09  Extractor x2  
  136  8:19  Mutalisk x2  
  140  8:20  Mutalisk  
  142  8:28  Overlord x4  
  142  8:33  Infestation Pit, Zerg Missile Weapons Level 1  
  141  8:36  Hatchery  
  141  8:37  Zergling x2  
  141  8:38  Zergling x30, Evolution Chamber  
  155  8:42  Baneling x7  
  155  8:43  Baneling  
  155  8:45  Zergling x2  
  155  8:46  Zergling x4  
  147  8:57  Mutalisk x2  
  147  8:58  Mutalisk  
  151  9:08  Zerg Melee Weapons Level 2  
  151  9:12  Hive  
  151  9:16  Drone  
  153  9:17  Drone x4  
  153  9:20  Overseer  
  156  9:30  Mutalisk x3  
  162  9:32  Zergling x12  
  162  9:33  Zergling x26  
  171  9:52  Mutalisk  
  171  9:53  Mutalisk x2  
  169  10:05  Mutalisk x2  
  163  10:07  Zergling x8  
  163  10:08  Zergling x16  
  165  10:21  Mutalisk x4  
  135  10:41  Mutalisk  
  135  10:42  Mutalisk x3  
  137  10:46  Zergling x30  
  137  10:49  Queen  
  150  11:02  Mutalisk x2  
  154  11:04  Zergling x12  
  154  11:05  Zergling x12  
  166  11:12  Baneling  
  166  11:13  Baneling x8  
  157  11:20  Baneling x5  
  154  11:30  Zergling x4  
Show
View Real Time Build Order
Export as new Build Order

Stasis Protoss 

Build Orders: 1 Gate Expand, Colossus Rush 

Get SALT Encoding   

  12  0:00  Probe  
  13  0:13  Probe  
  14  0:19  Pylon  
  14  0:25  Probe  
  15  0:33  Probe  
  15  0:40  Gateway  
  15  0:41  Probe  
  17  0:50  Assimilator  
  17  0:51  Probe  
  18  1:00  Probe  
  19  1:08  Probe  
  20  1:28  Nexus  
  20  1:38  Cybernetics Core  
  20  1:41  Probe  
  21  1:48  Assimilator  
  21  1:54  Probe  
  22  1:59  Pylon  
  22  2:06  Probe  
  22  2:07  Adept  
  23  2:18  Probe  
  26  2:27  Robotics Facility, Warp Gate  
  26  2:30  Probe  
  27  2:41  Probe  
  27  2:42  Probe  
  29  2:44  Stalker  
  29  2:49  Probe  
  31  2:54  Probe  
  31  2:57  Probe  
  34  3:06  Probe  
  34  3:07  Probe  
  36  3:13  Immortal  
  36  3:18  Probe  
  36  3:19  Probe  
  41  3:30  Probe  
  41  3:31  Probe  
  43  3:38  Robotics Bay  
  43  3:42  Probe  
  43  3:44  Probe  
  45  3:51  Gateway  
  45  3:55  Probe  
  46  3:58  Pylon  
  46  4:00  Pylon  
  46  4:01  Pylon  
  46  4:09  Assimilator  
  46  4:11  Assimilator  
  46  4:12  Observer  
  46  4:14  Probe  
  46  4:16  Probe  
  49  4:22  Probe  
  49  4:27  Colossus  
  49  4:28  Probe  
  49  4:31  Probe  
  58  4:39  Extended Thermal Lance  
  58  4:41  Probe  
  58  4:43  Probe  
  60  4:53  Probe  
  60  4:55  Probe  
  60  4:57  Nexus  
  60  4:59  Pylon  
  62  5:03  Sentry  
  62  5:04  Sentry  
  62  5:05  Probe  
  67  5:07  Probe  
  67  5:11  Pylon  
  68  5:17  Shield Battery, Probe  
  68  5:19  Probe  
  70  5:21  Colossus  
  70  5:29  Probe  
  70  5:31  Probe  
  70  5:35  Sentry  
  80  5:36  Sentry  
  80  5:41  Probe  
  83  5:43  Probe  
  83  5:45  Pylon  
  83  5:48  Pylon  
  84  5:53  Probe  
  84  5:54  Forge  
  84  5:55  Probe  
  84  5:56  Forge  
  86  6:05  Probe  
  86  6:07  Shield Battery, Probe  
  86  6:09  Probe  
  89  6:11  Colossus  
  89  6:12  Protoss Ground Weapons Level 1  
  89  6:13  Stalker, Protoss Ground Armor Level 1  
  89  6:17  Probe  
  98  6:20  Probe  
  98  6:21  Probe  
  98  6:23  Pylon  
  98  6:25  Gravitic Boosters  
  100  6:28  Pylon  
  100  6:30  Probe  
  100  6:32  Probe  
  102  6:33  Probe  
  103  6:42  Probe  
  103  6:43  Twilight Council  
  103  6:44  Probe  
  103  6:46  Assimilator  
  105  6:47  Probe  
  105  6:48  Assimilator  
  106  6:54  Probe  
  106  6:56  Probe  
  106  6:57  Pylon  
  106  6:59  Adept  
  106  7:00  Colossus  
  109  7:02  Probe  
  109  7:06  Probe  
  109  7:08  Probe  
  118  7:17  Pylon  
  118  7:19  Pylon  
  118  7:20  Gateway  
  118  7:22  Gateway  
  118  7:23  Gateway  
  118  7:24  Templar Archives  
  118  7:32  Stalker x2, Blink  
  122  7:38  Gravitic Drive  
  122  7:42  Robotics Facility  
  122  7:54  Colossus  
  128  8:01  Pylon  
  128  8:02  Zealot x2  
  132  8:14  Nexus  
  132  8:16  Pylon  
  132  8:18  Stalker x2  
  132  8:19  Pylon  
  136  8:22  Pylon  
  136  8:31  Gateway  
  136  8:32  Gateway  
  136  8:35  Photon Cannon  
  136  8:39  Photon Cannon  
  108  9:04  Stalker x5  
  118  9:16  Pylon  
  118  9:20  Gateway  
  118  9:22  Gateway  
  124  9:24  Gateway  
  124  9:26  Gateway  
  124  9:28  Gateway, Stalker x4  
  124  9:29  Stalker x2  
  135  9:33  Charge  
  135  9:37  Adept  
  117  9:55  Stalker x3  
  117  9:56  Stalker x3  
  109  10:07  Probe x4  
  109  10:08  Stalker  
  109  10:18  Colossus  
  98  10:37  Stalker x3  
Tags
 
Add a new tag
Caveats
  • Supply blocks, unpowered buildings, or Contaminate may cause inaccurate times.
  • Supply counts are checked every 10 seconds.